 Dungeon Crawl Stone Soup version 0.25.1-2-g60ff931df9 (webtiles) character file.

Game seed: 16204508484340091306

1178 Delamore the Basher (level 8, -7/49 HPs)
             Began as a Gargoyle Fighter on Oct 14, 2020.
             Mangled by an orc warrior
             ... wielding a +0 scimitar
              (10 damage)
             ... on level 6 of the Dungeon.
             The game lasted 00:05:28 (5703 turns).

Delamore the Basher (Gargoyle Fighter)              Turns: 5703, Time: 00:05:29

Health: -7/49      AC: 13    Str: 22    XL:     8   Next: 41%
Magic:  8/8        EV:  7    Int: 15    God:
Gold:   351        SH: 10    Dex:  9    Spells: 7/7 levels left

rFire    . . .     SeeInvis .   a - +0 flail
rCold    . . .     Gourm    .   c - +0 kite shield
rNeg     + . .     Faith    .   b - +0 scale mail
rPois    ∞         Spirit   .   (no helmet)
rElec    +         Reflect  .   (no cloak)
rCorr    .         Harm     .   (no gloves)
MR       .....                  t - +0 pair of boots
Stlth    ..........             (no amulet)
HPRegen  0.16/turn              p - +6 ring of intelligence
MPRegen  0.11/turn              (no ring)

@: no status effects
A: negative energy resistance 1, electricity resistance, unbreathing,
petrification resistance, rot immunity, AC +5
a: no special abilities


You were on level 6 of the Dungeon.
You were not hungry.

You visited 1 branch of the dungeon, and saw 6 of its levels.
You also visited: Sewer.

You collected 351 gold pieces.

Inventory:

Hand Weapons
 a - a +0 flail (weapon)
Missiles
 v - 6 curare-tipped darts (quivered)
Armour
 b - a +0 scale mail (worn)
 c - a +0 kite shield (worn)
 t - a +0 pair of boots (worn)
Jewellery
 p - a +6 ring of intelligence (left hand)
Wands
 y - a wand of disintegration (14)
Scrolls
 e - a scroll of vulnerability {unknown}
 j - 6 scrolls of remove curse
 k - a scroll of blinking
 l - 2 scrolls of random uselessness
 m - a scroll of noise
 o - 3 scrolls of teleportation
 s - 4 scrolls of fear
 u - 2 scrolls of amnesia
Potions
 d - a potion of might
 g - a potion of stabbing
 h - 3 potions of heal wounds
 i - 3 potions of flight
 n - a potion of magic
 q - 2 potions of brilliance
 r - a potion of invisibility
 w - 2 potions of curing {unknown}
 z - a potion of lignification {unknown}
Comestibles
 f - 15 rations


   Skills:
 - Level 5.0 Fighting
 + Level 8.7 Maces & Flails
 - Level 3.2 Armour
 - Level 5.0 Shields


You had 7 spell levels left.
You didn't know any spells.
Your spell library contained the following spells:

 Spells                   Type           Power        Failure   Level  Hunger
 Confusing Touch          Hex            #.......     100%        3    ####...
 Gell's Gravitas          Tloc           #.........   100%        3    ####...
 Petrify                  Tmut/Erth      #.......     100%        4    #####..
 Metabolic Englaciation   Hex/Ice        #.........   100%        5    ######.
 Yara's Violent Unravell  Hex/Tmut       #.........   100%        5    ######.


Dungeon Overview and Level Annotations

Branches:
Dungeon (6/15)              Sewer (visited)
 Temple: D:4-7

Altars:
Dithmenos
Elyvilon
Fedhas

Annotations:
D:3 patan's ghost, amateur TrMo
D:4 2 transporters, Alannah's ghost, amateur GrFi


Innate Abilities, Weirdness & Mutations

You are resistant to torment.
Your stone body is resilient. (AC +5)
You are immune to poison.
You resist negative energy. (rN+)
You are resistant to electric shocks. (rElec)
You can survive without breathing.
You are immune to petrification.
You are immune to rotting.


Message History

You block the orc warrior's attack.
You hit the orc warrior but do no damage.
The orc warrior is lightly wounded.
You barely miss the orc warrior.
The orc warrior is lightly wounded.
The orc warrior closely misses you.
You hit the orc warrior but do no damage.
The orc warrior is lightly wounded.
The orc warrior hits you with a +0 scimitar!
You barely miss the orc warrior.
The orc warrior is lightly wounded.
The orc warrior hits you with a +0 scimitar!
You thump the orc warrior!
The orc warrior is heavily wounded.
The orc warrior hits you with a +0 scimitar!
* * * LOW HITPOINT WARNING * * *
You closely miss the orc warrior.
The orc warrior is heavily wounded.
The orc warrior hits you with a +0 scimitar!
You die...

... #.# #.#
#.# #.# #.#
#.# #.# #@#
#o# #o# #o#
#..........#
#........>.#
#..........#
#.....(....#
#...........


You could see an orc warrior and 2 orcs.

Vanquished Creatures
  A phantom (D:5)
  2 centaurs
  A bullfrog (D:5)
  3 scorpions
  A centaur zombie (D:5)
  3 crimson imps
  A bullfrog zombie (D:5)
  2 orc priests
  A centaur skeleton (D:4)
  2 hounds
  2 iguanas (D:5)
  3 orc wizards
  2 merfolk sirens (Sewer)
  A merfolk avatar (Sewer)
  2 worker ants
  4 adders
  2 river rats (Sewer)
  2 oozes
  2 adder skeletons
  3 worms (D:3)
  5 dart slugs
  4 leopard geckos
  4 orcs
  7 ball pythons
  2 giant cockroaches
  9 goblins
  7 hobgoblins
  4 quokkas
  2 bats
  10 frilled lizards
  A jackal skeleton (D:4)
  3 kobolds
  29 rats
127 creatures vanquished.

Notes
Turn   | Place    | Note
-------+----------+-------------------------------------------
     0 | D:1      | Delamore the Gargoyle Fighter began the quest for the Orb.
     0 | D:1      | Reached XP level 1. HP: 14/14 MP: 1/1
   169 | D:1      | Reached XP level 2. HP: 19/19 MP: 2/2
   834 | D:2      | Reached XP level 3. HP: 23/24 MP: 3/3
  1203 | D:2      | Found a white marble altar of Elyvilon.
  1602 | D:3      | Found a transporter.
  1636 | D:3      | Found a glowing drain.
  1652 | Sewer    | Entered a sewer
  1764 | Sewer    | Reached skill level 3 in Maces & Flails
  1764 | Sewer    | Reached XP level 4. HP: 25/29 MP: 4/4
  2114 | Sewer    | Reached XP level 5. HP: 30/34 MP: 5/5
  2154 | Sewer    | Noticed a malarious merfolk avatar
  2189 | Sewer    | Killed a malarious merfolk avatar
  2702 | D:3      | Noticed a hungry ghost
  2783 | D:3      | Found a blossoming altar of Fedhas.
  3101 | D:3      | Reached XP level 6. HP: 40/40 MP: 6/6
  3163 | D:3      | Reached skill level 5 in Fighting
  3163 | D:3      | Reached skill level 4 in Maces & Flails
  3163 | D:3      | Reached skill level 5 in Shields
  3467 | D:3      | Noticed patan's ghost (amateur TrMo)
  3478 | D:3      | Found a transporter.
  3863 | D:4      | Reached skill level 5 in Maces & Flails
  3914 | D:5      | Entered Level 5 of the Dungeon
  3944 | D:4      | Reached XP level 7. HP: 36/44 MP: 7/7
  4113 | D:4      | Found a shadowy altar of Dithmenos.
  4261 | D:4      | Found a transporter.
  4262 | D:4      | Noticed Alannah's ghost (amateur GrFi)
  4276 | D:4      | Found a transporter.
  4278 | D:4      | Noticed a hungry ghost
  4297 | D:4      | Reached skill level 6 in Maces & Flails
  4814 | D:5      | Reached skill level 7 in Maces & Flails
  4977 | D:5      | Reached XP level 8. HP: 40/49 MP: 8/8
  5061 | D:5      | Reached skill level 8 in Maces & Flails
  5703 | D:6      | Mangled by an orc warrior

Illustrated notes

Levels and vault maps discovered:
D:1:      dpeg_arrival_leaves_temple_mockup, layout_loops_ring
D:2:      layout_basic, elyvilon_altar_3
D:3:      layout_basic, fedhas_ov_isle_minmay, gammafunk_ghost_mausoleum,
          first_ration, cheibrodos_sewer_entry_sluice
D:4:      layout_basic, lemuel_doored_altar, gammafunk_ghost_mausoleum
D:5:      layout_cave_pools
D:6:      layout_rooms, zin_academy, chequers_temple_overflow_statue_of_worship,
          uniq_crazy_yiuf_cottage, uniq_blork_the_orc

Skill      XL: |  1  2  3  4  5  6  7  8 |
---------------+-------------------------+-----
Fighting       | 4 5 |  5.0
Shields        | 4 5 |  5.0
Maces & Flails | 3 5 7 8 |  8.7
Armour         | |  3.2

Action                   |  1- 3 |  4- 6 |  7- 9 || total
-------------------------+-------+-------+-------++-------
Melee: Flail             |   150 |   268 |   214 ||   632
  Use: Potion            |       |     4 |       ||     4
       Scroll            |       |       |     9 ||     9
  Eat: Chunk             |     3 |     8 |     7 ||    18
Armor: Scale mail        |    70 |   170 |   148 ||   388
Dodge: Dodged            |    36 |   110 |    58 ||   204
Block: Kite shield       |    65 |   185 |   114 ||   364
